 Dungeon Crawl Stone Soup version 0.30.0-11-gf55b779eaf (webtiles) character file.

Game seed: 2989611291305102784

4438 jlumianski the Cleaver (level 10, -3/76 HPs)
             Began as a Demonspawn Fighter on May 17, 2023.
             Was a Follower of Qazlal.
             Slain by a +0 spectral quarterstaff (12 damage)
             ... created by Joseph
             ... on level 7 of the Dungeon.
             The game lasted 00:28:05 (7039 turns).

jlumianski the Cleaver (Demonspawn Fighter)         Turns: 7039, Time: 00:28:09

Health: -3/76      AC: 22    Str: 21    XL:     10   Next: 14%
Magic:  15/15      EV:  6    Int:  9    God:    Qazlal [*.....]
Gold:   348        SH:  6    Dex: 13    Spells: 9/9 levels left

rFire   . . .        a - +0 war axe
rCold   . . .        c - +0 buckler
rNeg    . . .        x - +0 plate armour
rPois   .            (no helmet)
rElec   .            B - scarf {repulsion}
rCorr   .            m - +2 pair of gloves
SInv    .            (no boots)
Will    .....        (no amulet) Stlth
                     (no ring)
HPRegen 0.32/turn    (no ring)
MPRegen 0.14/turn

%: repel missiles
@: sanguine armoured
A: hooves 2, demonic guardian 2, ignite blood 1, sanguine armour 1
a: Renounce Religion


You were on level 7 of the Dungeon.
You worshipped Qazlal.
Qazlal was aware of your devotion.
You visited 2 branches of the dungeon, and saw 9 of its levels.

You collected 348 gold pieces.

Inventory:

Hand Weapons
 a - a +0 war axe (weapon)
 d - a +3 trident
 w - a +5 spear
 y - a +2 heavy flail
 F - a +2 broad axe of distortion
Missiles
 e - 46 stones
 f - 17 poisoned darts (quivered)
Armour
 b - a +0 scale mail
 c - a +0 buckler (worn)
 l - a +0 chain mail
 m - a +2 pair of gloves (worn)
 r - a +0 cloak
 v - a +0 pair of boots
 x - a +0 plate armour (worn)
 B - a scarf of repulsion (worn)
 E - a +0 pair of gloves of hurling
Wands
 i - a wand of paralysis (15)
 A - a wand of mindburst (9)
 D - a wand of flame (9)
Scrolls
 j - a scroll of noise
 k - 2 scrolls of immolation
 n - 3 scrolls of vulnerability
 t - 2 scrolls of teleportation
Potions
 g - a potion of cancellation
 h - 2 potions of curing
 o - a potion of mutation
 p - a potion of resistance
 q - 2 potions of attraction
 s - a potion of flight {unknown}
 u - a potion of haste
 z - a potion of lignification {unknown}


   Skills:
 + Level 5.8 Fighting
 + Level 8.7 Axes
 + Level 2.0 Throwing
 + Level 7.0 Armour
 + Level 1.4 Dodging
 + Level 0.4 Stealth
 + Level 4.6 Shields
 * Level 6.9 Invocations
 + Level 1.2 Evocations


You had 9 spell levels left.
You didn't know any spells.
Your spell library contained the following spells:

 Spells                   Type           Power      Damage    Failure   Level
 Necrotise                Necr           0%         1d4       100%        1
 Olgreb's Toxic Radiance  Pois           0%         N/A       100%        4
 Borgnjor's Vile Clutch   Necr/Erth      0%         N/A       100%        5
 Borgnjor's Revivificati  Necr           0%         N/A       100%        8
 Discord                  Hex            0%         N/A       100%        8
 Ignition                 Fire           0%         3d3       100%        8


Dungeon Overview and Level Annotations

Branches:
Dungeon (8/15)             Temple (1/1) D:5
   Lair: D:8-11

Altars:
Gozag
Hepliaklqana
Kikubaaqudgha
Qazlal
Trog
Xom

Annotations:
D:7 Joseph


Innate Abilities, Weirdness & Mutations

You have hoof-like feet.
A demonic guardian rushes to your aid.
Your demonic aura sometimes causes spilled blood to erupt in flames.
When seriously injured, your blood forms armour. (AC +6)


Message History

Joseph shoots a sling bullet.
The sling bullet hits you.
Joseph zaps a wand.
The roots erupt in riotous growth!
The grasping roots grab you!
Joseph is unaffected.
The grasping roots constrict you.
You slash Joseph! Your kick misses Joseph.
Joseph is lightly wounded.
Joseph unwields a +0 sling.
Joseph wields a +0 spectral quarterstaff.
Joseph hits you with a +0 spectral quarterstaff!
The +0 spectral quarterstaff hits you but does no damage.
The grasping roots constrict you.
A +0 spectral quarterstaff comes into view.
You slash Joseph!
Joseph is moderately wounded.
You hit the +0 spectral quarterstaff but do no damage.
The +0 spectral quarterstaff hits you but does no damage.
The +0 spectral quarterstaff barely misses you.
Joseph hits you with a +0 spectral quarterstaff.
Your blood congeals into armour.
You block the +0 spectral quarterstaff's attack.
The grasping roots constrict you.
The +0 spectral quarterstaff hits you but does no damage.
You hit Joseph. Your kick misses Joseph.
Joseph is moderately wounded.
You hit the +0 spectral quarterstaff.
Joseph shares his spectral weapon's damage!
The +0 spectral quarterstaff hits you. x2
Joseph hits you with a +0 spectral quarterstaff!
The +0 spectral quarterstaff hits you. The grasping roots constrict you.
The +0 spectral quarterstaff hits you!
* * * LOW HITPOINT WARNING * * *
A demonic guardian appears!
The grasping roots release their grip on you.
You barely miss Joseph.
Joseph is moderately wounded.
You closely miss the +0 spectral quarterstaff.
The +0 spectral quarterstaff hits you.
* * * LOW HITPOINT WARNING * * *
The +0 spectral quarterstaff hits you!
You die...

...#............
...#....................
...#....................
####....................
........................
........................
........................
................(.......
...............4@@°.....
...............°........
.......................#
..............?........#
.......................#
.......................#
.......................#
.......................#
......................


You could see Joseph, a +0 spectral quarterstaff (ally target) and a friendly
orange demon (summoned).

Vanquished Creatures
  Pikel (D:6)
  2 centaur zombies (D:7)
  Maggie (D:6)
  A hellwing (D:7)
  A hornet (D:7)
  A meliai zombie (D:7)
  2 wyverns (D:7)
  A black bear (D:5)
  An ice beast (D:6)
  2 phantoms
  2 lemures (D:6)
  3 scorpions
  A gnoll sergeant (D:7)
  4 wights (D:7)
  A howler monkey (D:3)
  Crazy Yiuf (D:6)
  A jelly (D:7)
  2 hounds (D:5)
  A sleepcap (D:5)
  3 iguanas
  An orc wizard (D:5)
  7 gnolls
  4 adders
  3 shadow imps (D:7)
  2 white imps
  An ufetubus (D:5)
  2 worms
  12 orcs
  7 endoplasms
  3 giant cockroaches
  7 hobgoblins
  2 jackals (D:4)
  4 kobolds
  4 quokkas
  4 ball pythons
  8 bats
  7 frilled lizards
  8 goblins
  3 rats
121 creatures vanquished.

Vanquished Creatures (collateral kills)
  A centaur skeleton (D:7)
  A meliai zombie (D:7)
  An orc warrior (D:6)
  A centaur (D:6)
  3 wights (D:7)
  A hound (D:4)
  An orc wizard (D:4)
  2 dart slugs
  2 orcs
13 creatures vanquished.

Grand Total: 134 creatures vanquished

Notes
Turn   | Place    | Note
-------+----------+-------------------------------------------
     0 | D:1      | jlumianski the Demonspawn Fighter began the quest for the
                  | Orb.
     0 | D:1      | Reached XP level 1. HP: 18/18 MP: 1/1
   185 | D:1      | Gained mutation: A weak demonic guardian rushes to your
                  | aid. [demonic ancestry]
   185 | D:1      | Reached XP level 2. HP: 24/24 MP: 2/2
   360 | D:2      | Reached skill level 2 in Axes
   373 | D:2      | You fall into a shaft and drop 2 floors!
   550 | D:4      | Gained mutation: Your demonic aura sometimes causes spilled
                  | blood to erupt in flames. [demonic ancestry]
   550 | D:4      | Reached XP level 3. HP: 14/29 MP: 3/3
   808 | D:4      | Gained mutation: When seriously injured, your blood forms
                  | armour. (AC +6) [demonic ancestry]
   808 | D:4      | Reached XP level 4. HP: 16/36 MP: 4/4
   820 | D:5      | Entered Level 5 of the Dungeon
   846 | D:4      | Reached skill level 3 in Axes
   862 | D:4      | Noticed a phantom
  1099 | D:3      | Gained mutation: You have large cloven feet. [demonic
                  | ancestry]
  1099 | D:3      | Reached XP level 5. HP: 34/42 MP: 5/5
  1262 | D:4      | Killed a phantom
  1263 | D:4      | Reached skill level 1 in Dodging
  1518 | D:3      | Reached XP level 6. HP: 35/48 MP: 6/6
  1644 | D:2      | Reached skill level 4 in Axes
  1735 | D:3      | Found an ancient bone altar of Kikubaaqudgha.
  1736 | D:3      | Found a shimmering altar of Xom.
  2367 | D:2      | Got the Vellum of Evil
  3592 | D:5      | Reached skill level 5 in Axes
  3592 | D:5      | Gained mutation: A demonic guardian rushes to your aid.
                  | [demonic ancestry]
  3592 | D:5      | Reached XP level 7. HP: 52/54 MP: 7/7
  3955 | D:5      | Found a staircase to the Ecumenical Temple.
  3971 | Temple   | Entered the Ecumenical Temple
  3997 | Temple   | Became a worshipper of Qazlal Stormbringer
  4230 | D:6      | Noticed Pikel
  4377 | D:6      | Killed Pikel
  4378 | D:6      | Reached skill level 6 in Axes
  4378 | D:6      | Reached skill level 5 in Armour
  4378 | D:6      | Reached XP level 8. HP: 45/61 MP: 7/10
  4739 | D:6      | Found a runed translucent door.
  4740 | D:6      | Noticed Crazy Yiuf
  5004 | D:7      | Noticed a hornet
  5309 | D:6      | Noticed Maggie
  5321 | D:6      | Killed Maggie
  5322 | D:6      | Reached skill level 7 in Axes
  5322 | D:6      | Reached skill level 1 in Throwing
  5842 | D:6      | Killed Crazy Yiuf
  5843 | D:6      | Gained mutation: You have hoof-like feet. [demonic
                  | ancestry]
  5843 | D:6      | Reached XP level 9. HP: 42/67 MP: 12/12
  6034 | D:7      | Reached skill level 5 in Fighting
  6058 | D:7      | Reached skill level 5 in Invocations
  6058 | D:7      | Reached skill level 1 in Evocations
  6192 | D:7      | Noticed Joseph
  6442 | D:7      | Reached skill level 8 in Axes
  6553 | D:7      | Noticed a hellwing
  6575 | D:7      | Killed a hellwing
  6576 | D:7      | Reached XP level 10. HP: 30/76 MP: 14/14
  6779 | D:7      | Reached * piety under Qazlal
  7039 | D:7      | Slain by a +0 spectral quarterstaff

Illustrated notes

Levels and vault maps discovered:
D:1:      amcnicky_arrival_choice, layout_loops_cross, serial_park_tiny_2,
          kennysheep_boxes
D:2:      layout_loops_ring, roderic_lattice_a
D:3:      layout_rooms, nicolae_overflow_squiral, minmay_misc_feat_plants,
          glass_columns_c
D:4:      layout_basic, roderic_roman_lattice, amcnicky_mini_pool_small
D:5:      layout_rooms, minmay_temple_entry_trees
D:6:      layout_layer_cave, grunt_ministairs_14, uniq_pikel, uniq_maggie,
          uniq_crazy_yiuf_cottage
D:7:      cheibrodos_grave_circle, layout_gridville, uniq_joseph
D:8:      nzn_winding_woodlands_small [nzn_winding_woodlands_5x15_crooked,
          nzn_winding_woodlands_center_garden,
          nzn_winding_woodlands_5x15_garden], layout_loops_ring, serial_ice,
          serial_ice_j, serial_ice_e, serial_ice_o, serial_ice_g, serial_ice_f,
          serial_ice_m, serial_ice_n, serial_ice_a, serial_ice_c, serial_ice_h,
          hangedman_abyss_or_decor_slice, uniq_prince_ribbit1
Temple:   nicolae_temple_slightly_damp_pantheon

Skill      XL: |  1  2  3  4  5  6  7  8  9 10 |
---------------+-------------------------------+-----
Axes           | 2 3 5 6 7 8 |  8.7
Shields        | 3 4 |  4.6
Armour         | 3 4 5 6 7 |  7.0
Dodging        | 1 |  1.4
Fighting       | 4 5 |  5.8
Invocations    | 2 4 6 |  6.9
Throwing       | 1 2 |  2.0
Evocations     | 1 |  1.2
Stealth        | |  0.4

Action                     |  1- 3 |  4- 6 |  7- 9 | 10-12 || total
---------------------------+-------+-------+-------+-------++-------
  Melee: War axe           |    68 |   181 |   199 |    28 ||   476
         Kick              |       |    38 |    62 |     9 ||   109
  Throw: Dart              |       |     2 |    14 |       ||    16
  Evoke: Wand              |       |       |     8 |     1 ||     9
    Use: Scroll            |     1 |     5 |    10 |       ||    16
         Potion            |       |     2 |     3 |       ||     5
 Armour: Scale mail        |    43 |       |       |       ||    43
         Chain mail        |     4 |   100 |       |       ||   104
         Plate armour      |       |    46 |   227 |    19 ||   292
  Dodge: Dodged            |    37 |    72 |    91 |     8 ||   208
         Repelled          |       |       |     1 |       ||     1
  Block: Buckler           |    22 |    48 |    54 |     4 ||   128
